 Dungeon Crawl Stone Soup version 0.31.0-12-g77e489cdc1 (webtiles) character file.

Game seed: 5487730519708486740

727 Killerpretzel the Changeling (level 7, -7/46 HPs)
             Began as an Octopode Shapeshifter on Mar 2, 2024.
             Was an Initiate of Vehumet.
             Mangled by a kobold
             ... wielding a +0 dagger of distortion
              (18 damage)
             ... on level 5 of the Dungeon.
             The game lasted 00:07:06 (4831 turns).

Killerpretzel the Changeling (OpSh)                 Turns: 4831, Time: 00:07:06

Health: -7/46      AC:  9    Str:  8    XL:     7   Next: 72%
Magic:  7/7        EV: 14    Int: 12    God:    Vehumet [......]
Gold:   205        SH:  5    Dex: 18    Spells: 6/6 levels left

rFire   . . .        n - +5 rapier "Veokkee" {holy, Will- Dex+2 SInv}
rCold   . . .        o - +0 buckler
rNeg    + . .        (helmet currently unavailable)
rPois   .            (no amulet)
rElec   +            g - +4 ring of protection
rCorr   .            f - ring "Ithri Wik" {rElec rN+ AC+4 Str-5 Dex+2}
SInv    +            (no ring)
Will    .....        (no ring)
Stlth   +++          (no ring)
HPRegen 0.27/turn    (no ring)
MPRegen 0.10/turn    (no ring)
                     (no ring)

%: no passive effects
@: beast-form
A: beast (slay +3), almost no armour, amphibious, 8 rings, camouflage 1,
gelatinous body 1, (nimble swimmer 1), tentacles
a: Begin Untransformation, Renounce Religion


You were on level 5 of the Dungeon.
You worshipped Vehumet.
Vehumet was noncommittal.
You were a hulking beast.
You visited 1 branch of the dungeon, and saw 5 of its levels.
You visited the Abyss 1 time.

You collected 205 gold pieces.

Inventory:

Hand Weapons
 n - the +5 rapier "Veokkee" (weapon) {holy, Will- Dex+2 SInv}
   (You found it on level 4 of the Dungeon)

   Dex+2:     It affects your dexterity (+2).
   Will-:     It decreases your willpower.
   SInv:      It lets you see invisible.
Missiles
 i - 12 javelins (quivered)
Armour
 o - a +0 buckler (worn)
Jewellery
 f - the ring "Ithri Wik" (right tentacle) {rElec rN+ AC+4 Str-5 Dex+2}
   (You found it on level 2 of the Dungeon)

   [ring of protection]

   AC+4:      It affects your AC (+4).
   Str-5:     It affects your strength (-5).
   Dex+2:     It affects your dexterity (+2).
   rElec:     It insulates you from electricity.
   rN+:       It protects you from negative energy.
 g - a +4 ring of protection (left tentacle)
Talismans
 b - a beast talisman
 c - a flux talisman
Wands
 k - a wand of iceblast (10)
Scrolls
 t - a scroll of enchant armour
Potions
 a - 2 potions of attraction
 d - a potion of curing
 e - 2 potions of enlightenment
 h - a potion of brilliance {unknown}
 j - a potion of might {unknown}
 l - 2 potions of lignification
 m - a potion of mutation {unknown}
 p - a potion of haste {unknown}
 r - a potion of degeneration {unknown}
 u - a potion of berserk rage {unknown}


   Skills:
 + Level 3.6 Fighting
 + Level 4.0 Dodging
 + Level 1.5 Shields
 + Level 4.6 Unarmed Combat
 * Level 5.4 Shapeshifting


You had 6 spell levels left.
You didn't know any spells.
Your spell library contained the following spells:

 Spells                   Type           Power      Damage    Failure   Level
 Necrotise                Necr           0%         1d4       45%         1
 Sandblast                Erth           0%         2d4       45%         1
 Ensorcelled Hibernation  Hex/Ice        0%         N/A       61%         2
 Dazzling Flash           Conj/Hex       0%         N/A       83%         3
 Fugue of the Fallen      Necr           0%         N/A       83%         3
 Mephitic Cloud           Conj/Alch/Air  0%         N/A       83%         3
 Passwall                 Erth           0%         N/A       83%         3
 Stone Arrow              Conj/Erth      0%         3d7       83%         3
 Vampiric Draining        Necr           0%         2d6       83%         3
 Anguish                  Hex/Necr       0%         N/A       99%         4
 Brom's Barrelling Bould  Conj/Erth      0%         2d3       99%         4
 Martyr's Knell           Necr/Summ      0%         N/A       99%         4
 Olgreb's Toxic Radiance  Alch           0%         N/A       99%         4
 Curse of Agony           Necr           0%         N/A       100%        5
 Silence                  Hex/Air        0%         N/A       100%        5
 Ozocubu's Refrigeration  Ice            0%         4d7       100%        7
 Discord                  Hex            0%         N/A       100%        8


Dungeon Overview and Level Annotations

Branches:
Dungeon (5/15)
 Temple: D:4-7

Altars:
Ashenzari
Kikubaaqudgha
Trog
Vehumet
Lugonu

Shops:
D:3 ?

Portals:
Abyss: D:5

Annotations:
D:5 2 runed translucent doors


Innate Abilities, Weirdness & Mutations

You are a hulking beast.
Your limbs bulge with bestial killing power. (Slay +3)
You cannot wear most types of armour.
You are amphibious.
You can wear up to eight rings at the same time.
Your skin changes colour to match your surroundings (Stealth+).
Your rubbery body absorbs attacks. (AC +1, EV +1)
((You are camouflaged when in or above water. (Stealth+)))
You have tentacles for arms and can constrict up to eight enemies at once.


Message History

No reachable target in view!
Could not explore, unopened runed door.
You start waiting.
Your surroundings seem slightly different.
The kobold hits you but does no damage.
You are cast into the Abyss!
This branch contains the abyssal rune of Zot.
Found a corrupted altar of Lugonu.
No monsters, items or features are visible.
There is an empty arch of ancient stone here.
A starcursed mass comes into view.
There is a gateway leading out of the Abyss here.
You pass through the gate.
Welcome back to the Dungeon!
Level annotation: 2 runed translucent doors You block the kobold's attack.
You puncture the kobold brigand! Your grab misses the kobold brigand.
The kobold brigand is moderately wounded.
The kobold brigand misses you. The kobold completely misses you.
The kobold brigand barely misses you. You block the kobold's attack.
You completely miss the kobold brigand. Your grab misses the kobold brigand.
The kobold brigand is lightly wounded.
The kobold brigand barely misses you. The kobold hits you but does no damage.
You puncture the kobold brigand! Your grab misses the kobold brigand.
The kobold brigand is heavily wounded.
The kobold brigand hits you with a +1 rapier of distortion.
Space warps horribly around you! The kobold closely misses you.
You puncture the kobold brigand! You grab the kobold brigand.
The kobold brigand is almost dead.
You constrict the kobold brigand.
The kobold brigand hits you with a +1 rapier of distortion.
Space warps horribly around you!
* * * LOW HITPOINT WARNING * * *
The kobold barely misses you.
You hit the kobold brigand.
You kill the kobold brigand!
Vehumet accepts your kill. The kobold misses you.
The kobold hits you but does no damage. Space warps horribly around you!!
You die...

#.# #...........# #####.# # #.#
#.#)#####...# #..|### #
#.###.#)#####...##..∩..# #
#.....#)...##...###§.§## #
#..#######....>.####§### #
#..>..#.......###.§§§§.#########
####..#.#########§.§§§..#.......
#..#....# ##K§.§.§§#########
#....##.# #hK§....#.########
#.#.###.# ###.....# #.<.....
#.#.# #(# ###..### ########
##.#.###.#####.#++#
#.................##
####..................#
.....##.###.######.##.#
.######.# #.# #.##.# .# #.#
###### ######


You could see 2 kobolds.

Vanquished Creatures
  A black bear (D:4)
  A kobold brigand (D:5)
  A phantom (D:4)
  2 scorpions (D:5)
  3 bombardier beetles (D:5)
  An orc priest (D:5)
  A jelly (D:5)
  A hound (D:5)
  An orc wizard (D:5)
  Robin (D:2)
  4 gnolls (D:2)
  8 adders
  A white imp (D:5)
  3 ribbon worms
  A dart slug (D:5)
  10 orcs
  9 ball pythons
  7 endoplasms
  3 giant cockroaches
  10 goblins
  8 hobgoblins
  8 jackals
  9 kobolds
  4 bats
  3 frilled lizards
  7 rats
108 creatures vanquished.

Vanquished Creatures (others)
  A human (D:5)
1 creature vanquished.

Grand Total: 109 creatures vanquished

Notes
Turn   | Place    | Note
-------+----------+-------------------------------------------
     0 | D:1      | Killerpretzel the Octopode Shapeshifter began the quest for
                  | the Orb.
     0 | D:1      | Reached XP level 1. HP: 13/13 MP: 1/1
   227 | D:1      | Reached XP level 2. HP: 18/18 MP: 2/2
   740 | D:1      | Reached XP level 3. HP: 23/23 MP: 3/3
  1106 | D:2      | Identified the ring "Ithri Wik" {rElec rN+ AC+4 Str-5
                  | Dex+2}
  1133 | D:2      | Noticed Robin
  1150 | D:2      | Killed Robin
  1157 | D:2      | Reached XP level 4. HP: 25/29 MP: 4/4
  1571 | D:2      | Reached skill level 4 in Shapeshifting
  1574 | D:2      | Reached XP level 5. HP: 28/34 MP: 5/5
  2152 | D:3      | Found Raeps's Magic Scroll Shoppe.
  2448 | D:4      | Noticed a phantom
  2456 | D:4      | Killed a phantom
  2457 | D:4      | Reached XP level 6. HP: 39/41 MP: 6/6
  2656 | D:4      | Identified the +5 rapier "Veokkee" {holy, Will- Dex+2 SInv}
  2906 | D:4      | Noticed a black bear
  2917 | D:4      | Killed a black bear
  3375 | D:5      | Entered Level 5 of the Dungeon
  3672 | D:5      | Reached XP level 7. HP: 42/46 MP: 7/7
  3886 | D:5      | Reached skill level 5 in Shapeshifting
  4042 | D:5      | Reached skill level 1 in Shields
  4317 | D:5      | Found a large runed translucent door.
  4318 | D:5      | Found a large runed translucent door.
  4324 | D:5      | Found a corrupted altar of Lugonu.
  4408 | D:5      | Found an ancient bone altar of Kikubaaqudgha.
  4410 | D:5      | Noticed a human
  4411 | D:5      | Killed a human
  4521 | D:5      | Found a bloodstained altar of Trog.
  4521 | D:5      | Found a radiant altar of Vehumet.
  4522 | D:5      | Found a broken altar of Ashenzari.
  4637 | D:5      | Found a one-way gate to the infinite horrors of the Abyss.
  4775 | D:5      | Became a worshipper of Vehumet
  4811 | Abyss:1  | Cast into level 1 of the Abyss (kobold)
  4812 | Abyss:1  | Found a corrupted altar of Lugonu.
  4819 | Abyss:1  | Noticed a starcursed mass
  4825 | D:5      | Escaped the Abyss
  4831 | D:5      | Mangled by a kobold

Illustrated notes

Levels and vault maps discovered:
D:1:      dpeg_arrival_radiant, layout_loops_corners,
          chequers_serial_rivers_room_b
D:2:      layout_basic, uniq_robin
D:3:      layout_loops_ring, serial_shops, nicolae_shop_stone
D:4:      layout_layer_cave, serial_library_hellmonk_room_a
D:5:      due_chaos_kobolds, layout_loops_ring, tgw_kikubaaqudgha, minitemple,
          chequers_serial_rivers_large_a, kennysheep_boxes

Skill      XL: |  1  2  3  4  5  6  7 |
---------------+----------------------+-----
Fighting       | 2 3 |  3.6
Shapeshifting  | 4 5 |  5.4
Dodging        | 3 4 |  4.0
Unarmed Combat | 4 |  4.6
Shields        | 1 |  1.5

Action                     |  1- 3 |  4- 6 |  7- 9 || total
---------------------------+-------+-------+-------++-------
  Melee: Unarmed           |    64 |   112 |       ||   176
         Constrict         |    19 |    26 |    12 ||    57
         Tentacles         |    12 |    23 |     9 ||    44
         Punch             |       |     2 |     3 ||     5
         Rapier            |       |     7 |    42 ||    49
    Use: Scroll            |     2 |     5 |     2 ||     9
         Potion            |     1 |       |       ||     1
   Stab: Sleeping          |     8 |     4 |     3 ||    15
         Distracted        |       |     1 |     1 ||     2
 Armour: Skin              |    33 |    59 |    18 ||   110
  Dodge: Dodged            |    27 |    69 |    23 ||   119
  Block: Buckler           |       |       |     7 ||     7
